MLB
TORONTO BLUE JAYS @ NEW YORK YANKEES
07/30/2044
 
TOP OF THE 1ST
Toronto Blue Jays batting - Pitching for New York Yankees : RHP James Woods Jr.
Pitching: RHP James Woods Jr.
Batting: LHB Gabe White 0-0: Fly out, F6 (Popup, 6M, EV 62.5 MPH)
Batting: RHB Shigem Kubo 0-0: Foul Ball, location: 2F
0-1: Ball
1-1: Fly out, F7 (Line Drive, 7, EV 101.2 MPH)
Batting: SHB Matt Altieri 0-0: Ball
1-0: Ground out 6-3 (Groundball, 6, EV 90.0 MPH)
Top of the 1st over - 0 runs, 0 hits, 0 errors, 0 left on base; Toronto 0 - New York 0
BOTTOM OF THE 1ST
New York Yankees batting - Pitching for Toronto Blue Jays : RHP Tony Rios
Pitching: RHP Tony Rios
Batting: LHB Jordan de Jesus 0-0: Fly out, F8 (Flyball, 89D, EV 99.4 MPH)
Batting: RHB C.J. Richerson 0-0: Called Strike
0-1: Ball
1-1: Fly out, F8 (Flyball, 8RM, EV 80.0 MPH)
Batting: SHB Bartholomeu Chambino 0-0: Ball
1-0: Ball
2-0: Called Strike
2-1: Foul Ball, location: 2F
2-2: Ball
3-2: Foul Ball, location: 2F
3-2: Foul Ball, location: 2F
3-2: Ground out 4-3 (Groundball, 34, EV 101.2 MPH)
Bottom of the 1st over - 0 runs, 0 hits, 0 errors, 0 left on base; Toronto 0 - New York 0
TOP OF THE 2ND
Toronto Blue Jays batting - Pitching for New York Yankees : RHP James Woods Jr.
Batting: RHB Ruben Velasco 0-0: Ball
1-0: Ball
2-0: Ball
3-0: Base on Balls
Batting: SHB Zory Larikov 0-0: Ball
1-0: Swinging Strike
1-1: Ball
2-1: Ball
3-1: Swinging Strike
3-2: Fielders Choice at 2nd, 5-4 (Groundball, 56, EV 88.1 MPH)
Batting: RHB Adam Burke 0-0: Called Strike
0-1: Ball
1-1: Ball
2-1: Foul Ball, location: 2F
2-2: Ball
3-2: Base on Balls
Zory Larikov to second
Batting: LHB Isto Mäyrä 0-0: 3-RUN HOME RUN (Flyball, 89XD, EV 103.1 MPH), Distance : 403 ft
Batting: RHB Tommy Mize 0-0: Ball
1-0: Ball
2-0: Ground out 3-1 (Groundball, 34, EV 98.1 MPH)
Batting: RHB Cole Zelinski 0-0: Ground out 5-3 (Groundball, 6S, EV 74.4 MPH)
Top of the 2nd over - 3 runs, 1 hit, 0 errors, 0 left on base; Toronto 3 - New York 0
BOTTOM OF THE 2ND
New York Yankees batting - Pitching for Toronto Blue Jays : RHP Tony Rios
Batting: LHB David Bramble 0-0: Ball
1-0: Fly out, F7 (Flyball, 7LM, EV 84.4 MPH)
Batting: LHB Evan Torraville 0-0: Called Strike
0-1: Foul Ball, location: 2F
0-2: Foul Ball, location: 2F
0-2: Ball
1-2: Strikes out swinging
Batting: LHB Jim Skare 0-0: Ball
1-0: Swinging Strike
1-1: Fly out, F8 (Flyball, 8LXD, EV 109.4 MPH)
Bottom of the 2nd over - 0 runs, 0 hits, 0 errors, 0 left on base; Toronto 3 - New York 0
TOP OF THE 3RD
Toronto Blue Jays batting - Pitching for New York Yankees : RHP James Woods Jr.
Batting: LHB Gabe White 0-0: Called Strike
0-1: Ball
1-1: Ball
2-1: Ball
3-1: Called Strike
3-2: Base on Balls
Batting: RHB Shigem Kubo 0-0: Ball
1-0: Ball
2-0: Ball
3-0: Base on Balls
Gabe White to second
Batting: SHB Matt Altieri 0-0: Ball
1-0: Foul Ball, location: 2F
1-1: Foul Ball, location: 2F
1-2: Ball
2-2: Fly out, F8 (Flyball, 8LD, EV 100.6 MPH)
Batting: RHB Ruben Velasco 0-0: Ball
1-0: Called Strike
1-1: Ball
2-1: Called Strike
2-2: Ball
3-2: Grounds into double play, 6-4-3 (Groundball, 6M, EV 98.1 MPH)
Top of the 3rd over - 0 runs, 0 hits, 0 errors, 1 left on base; Toronto 3 - New York 0
BOTTOM OF THE 3RD
New York Yankees batting - Pitching for Toronto Blue Jays : RHP Tony Rios
Batting: LHB Yao-pang Tien 0-0: Ball
1-0: Ball
2-0: Ball
3-0: Base on Balls
Batting: SHB Billy Durham 0-0: Foul Ball, location: 2F
0-1: Ball
1-1: Foul Ball, location: 2F
1-2: Fly out, F7 (Flyball, 7D, EV 94.4 MPH)
Batting: RHB Kai Bellow 0-0: Called Strike
0-1: 2-RUN HOME RUN (Flyball, 7D, EV 99.4 MPH), Distance : 370 ft
Batting: LHB Jordan de Jesus 0-0: Called Strike
0-1: Called Strike
0-2: Ball
1-2: Foul Ball, location: 2F
1-2: Ball
2-2: Ground out U3 (Groundball, 34, EV 84.4 MPH)
Batting: RHB C.J. Richerson 0-0: Called Strike
0-1: Ball
1-1: Swinging Strike
1-2: Strikes out looking
Bottom of the 3rd over - 2 runs, 1 hit, 0 errors, 0 left on base; Toronto 3 - New York 2
TOP OF THE 4TH
Toronto Blue Jays batting - Pitching for New York Yankees : RHP James Woods Jr.
Batting: SHB Zory Larikov 0-0: Ground out 5-3 (Groundball, 5L, EV 103.8 MPH)
Batting: RHB Adam Burke 0-0: Ground out 6-3 (Groundball, 6, EV 83.1 MPH)
Batting: LHB Isto Mäyrä 0-0: Ball
1-0: Called Strike
1-1: Called Strike
1-2: Ground out 3-1 (Groundball, 34, EV 105.6 MPH)
Top of the 4th over - 0 runs, 0 hits, 0 errors, 0 left on base; Toronto 3 - New York 2
BOTTOM OF THE 4TH
New York Yankees batting - Pitching for Toronto Blue Jays : RHP Tony Rios
Batting: SHB Bartholomeu Chambino 0-0: Foul Ball, location: 2F
0-1: SINGLE (Flyball, 7S, EV 85.0 MPH)
Batting: LHB David Bramble 0-0: Ball
1-0: Ball
2-0: Called Strike
Bartholomeu Chambino steals 2nd base
2-1: Called Strike
2-2: Ball
3-2: Hit by Pitch
Batting: LHB Evan Torraville 0-0: Foul Ball, location: 2F
0-1: Swinging Strike
0-2: Ball
1-2: Ball
2-2: SINGLE (Groundball, 4MD, EV 101.9 MPH)
Bartholomeu Chambino to third
David Bramble to second
Runner from 3rd tries for Home, throw by CF and OUT! 8-2
Batting: LHB Jim Skare 0-0: Fielders Choice at 2nd, 1-6 (Groundball, 13S, EV 61.2 MPH)
David Bramble to third
Batting: LHB Yao-pang Tien 0-0: Foul Ball, location: 2F
0-1: Ground out 4-3 (Groundball, 4, EV 78.8 MPH)
Bottom of the 4th over - 0 runs, 2 hits, 0 errors, 2 left on base; Toronto 3 - New York 2
TOP OF THE 5TH
Toronto Blue Jays batting - Pitching for New York Yankees : RHP James Woods Jr.
Batting: RHB Tommy Mize 0-0: Ball
1-0: Called Strike
1-1: Ground out 5-3 (Groundball, 5D, EV 100.6 MPH)
Batting: RHB Cole Zelinski 0-0: Ball
1-0: Ball
2-0: Foul Ball, location: 2F
2-1: Foul Ball, location: 2F
2-2: Ball
3-2: Base on Balls
Batting: LHB Gabe White 0-0: Ball
1-0: Ball
2-0: 2-RUN HOME RUN (Line Drive, 9D, EV 102.5 MPH), Distance : 374 ft
Pitching: RHP Martin Goyer
Batting: RHB Shigem Kubo 0-0: Called Strike
0-1: Foul Ball, location: 2F
0-2: SOLO HOME RUN (Flyball, 8LXD, EV 106.2 MPH), Distance : 433 ft
Batting: SHB Matt Altieri 0-0: Called Strike
0-1: Fly out, F8 (Flyball, 8RD, EV 80.0 MPH)
Batting: RHB Ruben Velasco 0-0: Swinging Strike
0-1: Fly out, F5 (Line Drive, 5, EV 74.4 MPH)
Top of the 5th over - 3 runs, 2 hits, 0 errors, 0 left on base; Toronto 6 - New York 2
BOTTOM OF THE 5TH
New York Yankees batting - Pitching for Toronto Blue Jays : RHP Tony Rios
Batting: SHB Billy Durham 0-0: DOUBLE (Line Drive, 78XD, EV 107.5 MPH)
Batting: RHB Kai Bellow 0-0: Ball
1-0: Ball
2-0: Swinging Strike
2-1: Called Strike
2-2: Strikes out looking
Batting: LHB Jordan de Jesus 0-0: Called Strike
0-1: Foul Ball, location: 2F
0-2: Strikes out swinging, 2-3 out at first.
Batting: RHB C.J. Richerson 0-0: TRIPLE (Flyball, 9LD, EV 108.1 MPH)
Billy Durham scores
Batting: SHB Bartholomeu Chambino 0-0: Ball
1-0: Foul Ball, location: 2F
1-1: Called Strike
1-2: Fly out, F8 (Line Drive, 8RM, EV 89.4 MPH)
Bottom of the 5th over - 1 run, 2 hits, 0 errors, 1 left on base; Toronto 6 - New York 3
TOP OF THE 6TH
Toronto Blue Jays batting - Pitching for New York Yankees : RHP Martin Goyer
Batting: SHB Zory Larikov 0-0: Ball
1-0: Ball
2-0: Ball
3-0: Called Strike
3-1: Called Strike
3-2: Strikes out swinging
Batting: RHB Adam Burke 0-0: Called Strike
0-1: Ball
1-1: Ball
2-1: Fly out, F7 (Flyball, 78M, EV 83.1 MPH)
Batting: LHB Isto Mäyrä 0-0: Foul Ball, location: 2F
0-1: Ball
1-1: Ground out 4-3 (Groundball, 4, EV 88.1 MPH)
Top of the 6th over - 0 runs, 0 hits, 0 errors, 0 left on base; Toronto 6 - New York 3
BOTTOM OF THE 6TH
New York Yankees batting - Pitching for Toronto Blue Jays : RHP Tony Rios
Batting: LHB David Bramble 0-0: Called Strike
0-1: Called Strike
0-2: Ball
1-2: SOLO HOME RUN (Flyball, 89XD, EV 100.0 MPH), Distance : 402 ft
Pitching: RHP Alec Murphy
Batting: LHB Evan Torraville 0-0: Foul Ball, location: 2F
0-1: Fly out, F9 (Flyball, 9LD, EV 111.2 MPH)
Batting: LHB Jim Skare 0-0: Called Strike
0-1: Ball
1-1: Ball
2-1: Ball
3-1: Called Strike
3-2: Ground out 4-3 (Groundball, 4, EV 105.0 MPH)
Batting: LHB Yao-pang Tien 0-0: Fly out, F4 (Popup, 4, EV 71.2 MPH)
Bottom of the 6th over - 1 run, 1 hit, 0 errors, 0 left on base; Toronto 6 - New York 4
TOP OF THE 7TH
Toronto Blue Jays batting - Pitching for New York Yankees : RHP Martin Goyer
Batting: RHB Tommy Mize 0-0: Ball
1-0: Fly out, F6 (Flyball, 6D, EV 80.0 MPH)
Batting: RHB Cole Zelinski 0-0: Ball
1-0: Swinging Strike
1-1: Ground out 6-3 (Groundball, 6, EV 99.4 MPH)
Batting: LHB Gabe White 0-0: Fly out, F8 (Line Drive, 8RD, EV 95.0 MPH)
Top of the 7th over - 0 runs, 0 hits, 0 errors, 0 left on base; Toronto 6 - New York 4
BOTTOM OF THE 7TH
New York Yankees batting - Pitching for Toronto Blue Jays : RHP Alec Murphy
Batting: SHB Billy Durham 0-0: Called Strike
0-1: Called Strike
0-2: Strikes out looking
Batting: RHB Kai Bellow 0-0: Foul Ball, location: 2F
0-1: Called Strike
0-2: Ball
1-2: Fly out, F9 (Flyball, 9, EV 89.4 MPH)
Batting: LHB Jordan de Jesus 0-0: SINGLE (Groundball, 56S, EV 70.0 MPH) (infield hit)
Batting: RHB C.J. Richerson 0-0: Ball
Jordan de Jesus is caught stealing 2nd base 2-4
Bottom of the 7th over - 0 runs, 1 hit, 0 errors, 0 left on base; Toronto 6 - New York 4
TOP OF THE 8TH
Toronto Blue Jays batting - Pitching for New York Yankees : RHP Martin Goyer
Batting: RHB Shigem Kubo 0-0: Called Strike
0-1: Foul Ball, location: 2F
0-2: Foul Ball, location: 2F
0-2: Fly out, F8 (Line Drive, 8RD, EV 96.2 MPH)
Batting: SHB Matt Altieri 0-0: Called Strike
0-1: SOLO HOME RUN (Flyball, 9D, EV 100.0 MPH), Distance : 381 ft
Batting: RHB Ruben Velasco 0-0: Ball
1-0: Ball
2-0: Ball
3-0: Base on Balls
Batting: SHB Zory Larikov 0-0: Ball
1-0: Ball
2-0: Called Strike
2-1: Foul Ball, location: 2F
2-2: Ball
3-2: Foul Ball, location: 2F
3-2: Foul Ball, location: 2F
3-2: Fly out, F9 (Flyball, 9S, EV 90.6 MPH)
Batting: RHB Adam Burke 0-0: Ball
1-0: Ball
2-0: Ball
3-0: Called Strike
3-1: SINGLE (Groundball, 4MD, EV 94.4 MPH)
Ruben Velasco to second
Runner from 2nd tries for 3rd, SAFE, throw by CF made to third
Pitching: LHP Phil Tippins
Batting: LHB Isto Mäyrä 0-0: Ball
1-0: Called Strike
1-1: SINGLE (Line Drive, 8LS, EV 92.5 MPH)
Ruben Velasco scores
Adam Burke to second
Runner from 2nd tries for 3rd, SAFE, throw by CF made to third
Pitching: RHP Jose Tavira
Batting: RHB Tommy Mize 0-0: Ball
1-0: Called Strike
1-1: Fly out, F7 (Flyball, 78M, EV 76.9 MPH)
Top of the 8th over - 2 runs, 3 hits, 0 errors, 2 left on base; Toronto 8 - New York 4
BOTTOM OF THE 8TH
New York Yankees batting - Pitching for Toronto Blue Jays : RHP Alec Murphy
Batting: RHB C.J. Richerson 0-0: Called Strike
0-1: Ball
1-1: Ball
2-1: Ball
3-1: SINGLE (Groundball, 4M, EV 104.4 MPH) (infield hit)
Pitching: RHP Douglas ten Pas
Batting: SHB Bartholomeu Chambino 0-0: Called Strike
0-1: Ball
1-1: Ball
2-1: Fielders Choice at 2nd, 2-4 (Groundball, 2L, EV 68.8 MPH)
Batting: LHB David Bramble 0-0: Ball
1-0: Grounds out, U3 (Groundball, 3L, EV 87.5 MPH)
Batting: LHB Evan Torraville 0-0: Ball
1-0: Foul Ball, location: 2F
1-1: Called Strike
1-2: Strikes out swinging
Bottom of the 8th over - 0 runs, 1 hit, 0 errors, 1 left on base; Toronto 8 - New York 4
TOP OF THE 9TH
Toronto Blue Jays batting - Pitching for New York Yankees : RHP Jose Tavira
Batting: RHB Cole Zelinski 0-0: Swinging Strike
0-1: Called Strike
0-2: Ball
1-2: Ground out 3-1 (Groundball, 34S, EV 86.9 MPH)
Batting: LHB Gabe White 0-0: Ball
1-0: Called Strike
1-1: Fly out, F9 (Flyball, 9LS, EV 72.5 MPH)
Batting: RHB Shigem Kubo 0-0: Ball
1-0: SOLO HOME RUN (Flyball, 7D, EV 96.9 MPH), Distance : 370 ft
Batting: SHB Matt Altieri 0-0: Ball
1-0: Fly out, F9 (Flyball, 9, EV 78.1 MPH)
Top of the 9th over - 1 run, 1 hit, 0 errors, 0 left on base; Toronto 9 - New York 4
BOTTOM OF THE 9TH
New York Yankees batting - Pitching for Toronto Blue Jays : RHP Douglas ten Pas
Batting: LHB Jim Skare 0-0: Ball
1-0: Called Strike
1-1: Ball
2-1: Foul Ball, location: 2F
2-2: Foul Ball, location: 2F
2-2: Foul Ball, location: 2F
2-2: Ball
3-2: Strikes out swinging
Batting: LHB Yao-pang Tien 0-0: Ball
1-0: Ball
2-0: Called Strike
2-1: Ball
3-1: Foul Ball, location: 2F
3-2: Base on Balls
Batting: SHB Billy Durham 0-0: Called Strike
0-1: Ball
1-1: Ball
2-1: Ball
3-1: Called Strike
3-2: Base on Balls
Yao-pang Tien to second
Batting: RHB Kai Bellow 0-0: Ball
1-0: Foul Ball, location: 2F
1-1: Swinging Strike
1-2: Foul Ball, location: 2F
1-2: Ball
2-2: Foul Ball, location: 2F
2-2: Foul Ball, location: 2F
2-2: Ball
3-2: Grounds into double play, 5-4-3 (Groundball, 56, EV 83.1 MPH)
Bottom of the 9th over - 0 runs, 0 hits, 0 errors, 1 left on base; Toronto 9 - New York 4
Thursday, March 31st , 2022 - OOTP Baseball 22.12 Build 89